AoeStats
← dr.kevinbubbles.ph.d

Arena

510922385Analyzed
4v4 RM · 9h ago on Oct 3, 2026· 59m 3s· 8 players
Game mode
Random Map
Map size
Large (8 player)
Population
200
Speed
Normal
Resources
Standard
Victory
Conquest
Starting age
Dark Age
Ending age
Imperial Age
RankedLock teamsTeams togetherTeam positionsShared explorationLock speedFull tech treeHidden civsTurbo modeCheats
Victory
Defeat
🇺🇸 Ethiopians · United States
1070
+12
🇺🇸 Lithuanians · United States
1059
+12
🇺🇸 Saxons · United States
1028
+14
🇺🇸 Gurjaras · United States
1020
+14
🇲🇽 Mongols · Mexico
1014
-14
🇨🇳 Celts · China
1000
-43
🇲🇽 Romans · Mexico
947
-12
🇲🇽 Japanese · Mexico
941
-12
XGTIROMlllX
6:39 Loom
10:18 Feudal Age
15:49 Castle Age
13:54 Horse Collar
15:04 Double-Bit Axe
18:53 Town Watch
22:54 Bow Saw
22:46 Fletching
23:23 Padded Archer Armor
23:57 Heavy Plow
24:35 Gold Mining
26:15 Wheelbarrow
26:19 Bodkin Arrow
26:40 Leather Archer Armor
27:34 Gold Shaft Mining
27:43 Ballistics
32:34 Imperial Age
31:20 Fortified Wall
31:28 Hand Cart
32:00 Pikeman
32:41 Squires
32:26 Arson
32:47 Scale Mail Armor
32:52 Scale Barding Armor
32:58 Forging
34:30 Chemistry
33:56 Conscription
34:00 Stone Mining
35:08 Elite Mangudai
36:48 Bracer
37:04 Chain Mail Armor
37:24 Iron Casting
38:41 Husbandry
40:09 Light Cavalry
41:00 Bloodlines
40:56 Heavy Camel Rider
42:16 Plate Mail Armor
42:07 Chain Barding Armor
42:47 Blast Furnace
47:25 Elite Skirmisher
El tRuCho1320
1:10 Loom
12:30 Feudal Age
19:34 Castle Age
19:27 Horse Collar
19:38 Double-Bit Axe
19:51 Gold Mining
20:56 Bow Saw
20:51 Heavy Plow
30:10 Imperial Age
30:46 Wheelbarrow
32:01 Ballistas
32:59 Chemistry
32:48 Ballistics
32:13 Heavy Scorpion
36:40 Gold Shaft Mining
37:27 Siege Engineers
38:29 Heavy Scorpion
50:50 Elite Centurion
54:35 Fletching
Machetekills135
0:28 Loom
12:27 Feudal Age
17:45 Castle Age
15:47 Double-Bit Axe
24:07 Wheelbarrow
28:46 Hand Cart
32:49 Imperial Age
31:01 Crossbowman
31:46 Thumb Ring
31:58 Forging
31:48 Scale Mail Armor
31:49 Padded Archer Armor
31:40 Fletching
32:14 Ballistics
32:48 Gold Mining
34:02 Iron Casting
33:42 Chain Mail Armor
33:43 Leather Archer Armor
33:23 Bodkin Arrow
34:34 Chemistry
34:10 Arbalester
35:41 Elite Samurai
36:43 Kataparuto
38:58 Ring Archer Armor
38:28 Bracer
40:20 Horse Collar
40:56 Bow Saw
42:54 Elite Skirmisher
44:09 Plate Mail Armor
44:40 Blast Furnace
44:58 Pikeman
45:24 Gambesons
45:40 Squires
45:25 Arson
47:03 Halberdier
666
10:30 Feudal Age
14:06 Castle Age
11:57 Double-Bit Axe
12:20 Horse Collar
15:16 Bow Saw
15:10 Heavy Plow
20:18 Wheelbarrow
20:57 Gold Mining
21:37 Stone Mining
23:27 Hand Cart
23:30 Loom
23:56 Town Watch
27:29 Imperial Age
25:56 Gold Shaft Mining
26:15 Scale Mail Armor
26:25 Forging
26:10 Arson
25:50 Pikeman
27:45 Chain Mail Armor
27:43 Elite Woad Raider
29:13 Conscription
29:41 Iron Casting
30:44 Plate Mail Armor
30:19 Halberdier
32:03 Blast Furnace
32:21 Scale Barding Armor
35:04 Fletching
36:01 Ballistics
36:41 Chemistry
38:02 Bodkin Arrow
40:05 Hoardings
40:25 Masonry
43:49 Husbandry
43:09 Light Cavalry
44:37 Stronghold
44:17 Hussar
45:23 Chain Barding Armor
46:44 Man-at-Arms
47:11 Gambesons
47:47 Long Swordsman
48:31 Two-Handed Swordsman
49:09 Champion
51:24 Padded Archer Armor
52:53 Elite Skirmisher
53:52 Leather Archer Armor
dr.kevinbubbles.ph.d
10:39 Feudal Age
14:09 Castle Age
13:01 Double-Bit Axe
15:37 Bow Saw
17:08 Horse Collar
18:38 Loom
27:37 Wheelbarrow
28:53 Heavy Plow
29:19 Hand Cart
32:15 Imperial Age
33:13 Forging
33:03 Scale Mail Armor
33:02 Gambesons
33:18 Squires
33:03 Arson
32:41 Elite Varangian Guard
34:29 Iron Casting
36:01 Chain Mail Armor
36:10 Gold Mining
39:37 Plate Mail Armor
theclaydude
8:36 Loom
8:45 Loom
11:11 Feudal Age
15:35 Castle Age
14:08 Double-Bit Axe
15:25 Horse Collar
21:35 Bow Saw
25:12 Wheelbarrow
25:07 Heavy Plow
25:14 Town Watch
26:27 Gold Mining
26:31 Stone Mining
30:29 Imperial Age
28:25 Fletching
28:36 Padded Archer Armor
27:59 Crossbowman
29:43 Gold Shaft Mining
29:32 Thumb Ring
29:40 Squires
30:53 Hand Cart
31:27 Ballistics
32:49 Two-Man Saw
31:57 Arbalester
35:23 Chemistry
34:47 Bodkin Arrow
35:08 Leather Archer Armor
39:58 Bracer
40:29 Ring Archer Armor
45:23 Arson
46:22 Forging
46:13 Scale Mail Armor
46:21 Halberdier
48:17 Chain Mail Armor
49:11 Stone Shaft Mining
53:18 Caravan
I can't get no mattisfaction
10:28 Feudal Age
13:58 Castle Age
12:01 Double-Bit Axe
12:23 Horse Collar
16:56 Bow Saw
18:10 Loom
19:18 Wheelbarrow
21:20 Heavy Plow
22:37 Hand Cart
23:03 Gold Mining
25:19 Stone Mining
29:00 Imperial Age
26:55 Scale Barding Armor
28:01 Chain Barding Armor
27:48 Town Watch
29:05 Stone Shaft Mining
29:02 Forging
29:11 Bloodlines
30:20 Plate Barding Armor
30:25 Conscription
31:17 Two-Man Saw
30:48 Crop Rotation
30:58 Iron Casting
30:28 Elite Leitis
31:53 Husbandry
32:04 Town Patrol
32:25 Padded Archer Armor
32:17 Fletching
32:51 Tower Shields
33:37 Ballistics
33:14 Bodkin Arrow
33:35 Leather Archer Armor
34:50 Chemistry
34:32 Hoardings
34:18 Bracer
35:56 Hill Forts
36:26 Masonry
35:57 Treadmill Crane
36:49 Ring Archer Armor
38:13 Architecture
37:39 Murder Holes
38:19 Thumb Ring
37:35 Elite Skirmisher
38:31 Scale Mail Armor
45:24 Light Cavalry
46:20 Chain Mail Armor
51:46 Winged Hussar
53:50 Fortified Wall
Phoenixmatthew
10:23 Feudal Age
11:13 Loom
14:37 Castle Age
13:00 Double-Bit Axe
13:18 Horse Collar
16:51 Scale Barding Armor
16:49 Husbandry
17:08 Bow Saw
18:34 Heavy Plow
23:31 Stone Mining
24:49 Bloodlines
24:00 Light Cavalry
25:31 Wheelbarrow
25:43 Stone Shaft Mining
25:46 Fletching
25:57 Padded Archer Armor
27:50 Hand Cart
29:33 Elite Skirmisher
30:24 Bodkin Arrow
30:45 Leather Archer Armor
33:50 Imperial Age
31:35 Gold Mining
32:38 Thumb Ring
34:58 Gold Shaft Mining
35:17 Ballistics
37:27 Chemistry
37:04 Crop Rotation
36:21 Elite Elephant Archer
38:51 Murder Holes
Connection lost

Rejoining the realm…

Still unreachable

The connection could not be restored.

Session expired

The server has moved on; the page needs a fresh start.